 Dungeon Crawl Stone Soup version 0.22.1-2-g9c5b331383 (webtiles) character file.

7164 Peloso the Carver (level 10, -5/90 HPs)
             Began as a Minotaur Fighter on Dec 22, 2018.
             Was an Elder of Okawaru.
             Slain by a two-headed ogre
             ... wielding a +0 giant spiked club
              (31 damage)
             ... on level 9 of the Dungeon.
             The game lasted 00:19:56 (11251 turns).

Peloso the Carver (Minotaur Fighter)               Turns: 11251, Time: 00:19:56

Health: -5/90      AC: 14    Str: 23    XL:     10   Next: 86%
Magic:  9/9        EV:  6    Int:  5    God:    Okawaru [****..]
Gold:   602        SH: 12    Dex: 11    Spells: 9/9 levels left

rFire    . . .     SeeInvis .   k - +4 falchion
rCold    . . .     Gourm    .   c - +0 shield
rNeg     . . .     Faith    +   A - +0 plate armour
rPois    .         Spirit   .   (helmet restricted)
rElec    .         Reflect  .   (no cloak)
rCorr    .         Harm     .   (no gloves)
MR       +....                  r - +0 pair of boots
Stlth    ..........             I - amulet of faith
HPRegen  0.25/turn              h - ring of protection from magic
MPRegen  0.11/turn              (no ring)

@: heavily drained
A: retaliatory headbutt, horns 2
a: Heroism, Renounce Religion


You were on level 9 of the Dungeon.
You worshipped Okawaru.
Okawaru was greatly pleased with you.
You were not hungry.

You visited 2 branches of the dungeon, and saw 11 of its levels.

You collected 695 gold pieces.
You spent 93 gold pieces at shops.

Inventory:

Hand Weapons
 k - a +4 falchion (weapon)
 v - a +2 whip of flaming
Armour
 b - a +0 scale mail
 c - a +0 shield (worn)
 r - a +0 pair of boots (worn)
 A - a +0 plate armour (worn)
Jewellery
 h - a ring of protection from magic (left hand)
 I - an amulet of faith (around neck)
Wands
 i - a wand of scattershot (6)
 y - a wand of acid (14)
 B - a wand of iceblast (25)
 F - a wand of flame (36)
 H - a wand of disintegration (9)
 L - a wand of polymorph (10)
Scrolls
 e - 8 scrolls of teleportation
 o - 2 scrolls of enchant armour
 p - 5 scrolls of remove curse
 q - 3 scrolls of fog
 u - a scroll of magic mapping
 w - a scroll of enchant weapon {unknown}
 x - a scroll of blinking {unknown}
 D - a scroll of immolation {unknown}
 E - 2 scrolls of amnesia {unknown}
 J - a scroll of fear
Potions
 d - 4 potions of might
 g - 2 potions of mutation
 j - 5 potions of flight
 l - 3 potions of haste
 n - 2 potions of brilliance
 s - a potion of resistance
 t - a potion of magic
 z - 2 potions of heal wounds
 C - a potion of berserk rage
 G - a potion of agility
 K - 4 potions of curing
Comestibles
 f - 15 rations


   Skills:
 + Level 8.9(7.3) Fighting
 + Level 11.4(9.7) Long Blades
 + Level 9.3(7.7) Armour
 + Level 3.4(2.0) Dodging
 + Level 0.6(0.0) Stealth
 + Level 11.0(9.3) Shields
 + Level 1.3(0.0) Invocations
 + Level 1.0(0.0) Evocations


You had 9 spell levels left.
You didn't know any spells.
Your spell library was empty.

Dungeon Overview and Level Annotations

Branches:
Dungeon (10/15)            Temple (1/1) D:5            Lair (0/6) D:8
    Orc (0/2) D:9

Altars:
Ashenzari
Cheibriados
Dithmenos
Elyvilon
Fedhas
Gozag
Hepliaklqana
Kikubaaqudgha
Makhleb
Nemelex Xobeh
Okawaru
Qazlal
Ru
Sif Muna
Trog
Uskayaw
Vehumet
Wu Jian
Xom
Yredelemnul
Zin
The Shining One
Beogh

Shops:
D:6 *   D:9 %[[}=

Annotations:
D:10 Maurice


Innate Abilities, Weirdness & Mutations

You reflexively headbutt those who attack you in melee.
You have a pair of horns on your head.


Message History

The two-headed ogre hits you with a giant club!
You slash the two-headed ogre!
The two-headed ogre is moderately wounded.
You slash the two-headed ogre!
Your headbutt misses the two-headed ogre.
The two-headed ogre is heavily wounded.
The two-headed ogre hits you with a giant spiked club.
The two-headed ogre hits you but does no damage.
You hit the two-headed ogre. You headbutt the two-headed ogre!
The two-headed ogre is severely wounded.
The two-headed ogre hits you with a giant spiked club!
The two-headed ogre hits you with a giant club.
* * * LOW HITPOINT WARNING * * *
You barely miss the two-headed ogre.
The two-headed ogre is severely wounded.
You hit the two-headed ogre.
Your headbutt misses the two-headed ogre.
The two-headed ogre is severely wounded.
The two-headed ogre hits you with a giant spiked club!!
You die...

#...........# #####
#...........# #....
#...........# #.###
#...........# #.#
######...........#######.# #
#......................#.###
#.######.>.....#####.....##.
#......#.............)......
######.###.@.......#.#.####.
#.# #O.######...#.# #. #.#
#..# #...#.# #. ##.###..#
###...#.# #. ###.......##
#..[..#.####. #..........#
#.#...#......
#..........###'#...#######
#..........#.......## #
#..........#........# #


You could see a two-headed ogre.

Vanquished Creatures
  A two-headed ogre (D:8)
  A hippogriff (D:7)
  A hornet (D:8)
  8 yaks (D:9)
  Sigmund (D:5)
  Eustachio (D:5)
  2 water moccasins
  5 orc warriors
  3 sky beasts
  An ice beast (D:5)
  3 phantoms
  4 centaurs
  5 ogres
  A big kobold (D:7)
  6 bullfrogs
  2 scorpions
  3 killer bees (D:8)
  A vampire bat (D:4)
  7 wights (D:8)
  3 crimson imps
  A bullfrog zombie (D:6)
  A hound (D:7)
  A centaur zombie (D:8)
  A jelly (D:9)
  10 orc priests
  2 bullfrog skeletons (D:8)
  3 iguanas
  Ijyb (D:4)
  Terence (D:2)
  8 orc wizards
  Natasha (D:2)
  9 worker ants
  A killer bee zombie (D:10)
  2 worker ant zombies
  4 gnolls
  11 adders
  A shadow imp (D:6)
  2 oozes
  An adder zombie (D:5)
  A worm (D:2)
  5 dart slugs
  3 fire bats (D:4)
  6 leopard geckos
  48 orcs
  2 spectral bats (D:4)
  3 bat skeletons (D:4)
  A bat zombie (D:4)
  A giant cockroach (D:5)
  8 goblins
  10 hobgoblins
  5 jackals (D:2)
  15 kobolds
  5 quokkas
  23 bats
  A bat simulacrum (D:4)
  3 frilled lizards
  A leopard gecko skeleton (D:8)
  3 quokka zombies
  9 rats
273 creatures vanquished.

Notes
Turn   | Place    | Note
-------+----------+-------------------------------------------
     0 | D:1      | Peloso the Minotaur Fighter began the quest for the Orb.
     0 | D:1      | Reached XP level 1. HP: 19/19 MP: 0/0
   140 | D:1      | Reached XP level 2. HP: 26/27 MP: 1/1
   452 | D:1      | Reached XP level 3. HP: 24/33 MP: 2/2
   549 | D:1      | You fall through a shaft!
  1019 | D:1      | Reached XP level 4. HP: 21/40 MP: 3/3
  1197 | D:2      | HP: 2/40 [poisoned by a gnoll]
  1512 | D:2      | Found a snail-covered altar of Cheibriados.
  1769 | D:2      | Noticed Terence
  1780 | D:2      | Killed Terence
  1838 | D:2      | Noticed Natasha
  1853 | D:2      | Killed Natasha
  1853 | D:2      | Reached XP level 5. HP: 40/46 MP: 4/4
  2853 | D:3      | Reached skill level 5 in Long Blades
  3522 | D:4      | Reached skill level 5 in Shields
  3522 | D:4      | Reached XP level 6. HP: 45/52 MP: 5/5
  3661 | D:4      | Reached skill level 5 in Armour
  3713 | D:4      | Reached skill level 1 in Dodging
  3856 | D:4      | Noticed Ijyb
  3864 | D:4      | Killed Ijyb
  4503 | D:4      | Reached XP level 7. HP: 56/60 MP: 6/6
  4740 | D:5      | Entered Level 5 of the Dungeon
  4770 | D:5      | Found a basalt altar of Yredelemnul.
  4979 | D:5      | Noticed Eustachio
  5100 | D:5      | Killed Eustachio
  5212 | D:5      | Reached XP level 8. HP: 67/67 MP: 7/7
  5245 | D:5      | Found a staircase to the Ecumenical Temple.
  5253 | Temple   | Entered the Ecumenical Temple
  5455 | Temple   | Became a worshipper of Warmaster Okawaru
  5484 | D:5      | Noticed Sigmund
  5507 | D:5      | Killed Sigmund
  5507 | D:5      | Reached skill level 5 in Fighting
  5806 | D:5      | HP: 2/68 [something/puff of flame (4)]
  6482 | D:6      | Found Hausiz's Assorted Antiques.
  6488 | D:6      | Bought a scroll of remove curse for 72 gold pieces
  6488 | D:6      | Bought a smoky white potion for 21 gold pieces
  6648 | D:6      | Reached * piety under Okawaru
  7013 | D:6      | Reached XP level 9. HP: 60/75 MP: 8/8
  7742 | D:7      | Reached ** piety under Okawaru
  7881 | D:7      | Found a deep blue altar of Sif Muna.
  8511 | D:7      | Reached skill level 1 in Evocations
  8662 | D:8      | Found a blossoming altar of Fedhas.
  8667 | D:8      | Reached *** piety under Okawaru
  8687 | D:8      | Reached skill level 10 in Long Blades
  8775 | D:8      | Reached XP level 10. HP: 62/86 MP: 9/9
  8799 | D:8      | Found a blossoming altar of Fedhas.
  8812 | D:8      | Found an ornate altar of the Wu Jian Council.
  8813 | D:8      | Found a stormy altar of Qazlal.
  8813 | D:8      | Found a hide-covered altar of Uskayaw.
  8826 | D:8      | Reached skill level 1 in Invocations
  8937 | D:8      | Found a sparkling altar of Nemelex Xobeh.
  8937 | D:8      | Found a hazy altar of Hepliaklqana.
  8937 | D:8      | Noticed a two-headed ogre
  8955 | D:8      | Killed a two-headed ogre
  8955 | D:8      | Reached **** piety under Okawaru
  8955 | D:8      | Reached skill level 10 in Shields
  9188 | D:8      | Found a staircase to the Lair.
  9540 | D:9      | Found Fupeump's Armour Emporium.
  9541 | D:9      | Found Neklam's Antique Armour Emporium.
  9821 | D:9      | Reached ***** piety under Okawaru
  9905 | D:9      | Found Qinlagust's Food Shop.
 10293 | D:9      | Found Emerph's Gadget Shop.
 10491 | D:9      | Found Otawul's Jewellery Boutique.
 10801 | D:9      | Found a roughly hewn altar of Beogh.
 10801 | D:9      | Found a staircase to the Orcish Mines.
 11216 | D:10     | Entered Level 10 of the Dungeon
 11223 | D:10     | Noticed a two-headed ogre
 11223 | D:10     | Noticed a brown ugly thing
 11225 | D:10     | Noticed Maurice
 11251 | D:9      | Slain by a two-headed ogre

Skill      XL: |  1  2  3  4  5  6  7  8  9 10 |
---------------+-------------------------------+-----
Shields        | 4 5 6 8 9 11 | 11.0
Armour         | 4 5 7 8 9 |  9.3
Long Blades    | 3 4 5 6 7 8 10 11 | 11.4
Fighting       | 4 5 7 8 |  8.9
Dodging        | 1 2 3 |  3.4
Evocations     | 1 |  1.0
Invocations    | 1 |  1.3
Stealth        | |  0.6

Action                   |  1- 3 |  4- 6 |  7- 9 | 10-12 || total
-------------------------+-------+-------+-------+-------++-------
Melee: Long sword        |    85 |   202 |   456 |       ||   743
       Headbutt          |     7 |    30 |    94 |    67 ||   198
       Falchion          |       |       |    41 |   277 ||   318
Invok: Heroism           |       |       |     1 |     2 ||     3
Evoke: Wand              |       |     1 |     4 |       ||     5
  Use: Scroll            |       |     6 |     8 |     3 ||    17
       Potion            |       |       |     4 |       ||     4
  Eat: Chunk             |       |    10 |    15 |     9 ||    34
Armor: Scale mail        |    32 |   121 |    73 |       ||   226
       Plate armour      |       |       |   216 |    56 ||   272
Dodge: Dodged            |    27 |    66 |   153 |    29 ||   275
Block: Shield            |    52 |   119 |   317 |   127 ||   615
       Rpst.: Long sword |     6 |    21 |    41 |       ||    68
       Falchion          |       |       |     7 |     8 ||    15
